Map: [ESL] Dragon Scales

Players

Elazer - Winner!

  • Race: Zerg Zerg

TeebuL

  • Race: Protoss Protoss

Event: IEM Katowice 2023

VOD

Have the link to the VOD?

Description

Time

  • Played on: Feb. 8, 2023, 5:15 a.m.
  • Length: 8:57

All games in this series

Show
View Real Time Build Order
Export as new Build Order

Elazer Zerg - Winner!

Build Orders: Hatch First 

Get SALT Encoding   

  12  0:00  Drone  
  13  0:12  Overlord  
  13  0:17  Drone  
  14  0:30  Drone x2  
  16  0:49  Hatchery  
  15  0:51  Drone  
  15  0:54  Drone  
  17  0:58  Drone  
  18  1:08  Extractor  
  17  1:13  Spawning Pool  
  17  1:16  Drone  
  17  1:20  Drone  
  18  1:29  Drone  
  19  1:38  Drone  
  20  1:49  Drone  
  21  2:00  Queen  
  21  2:01  Queen  
  25  2:05  Zergling x2  
  26  2:09  Overlord  
  26  2:13  Drone x2  
  28  2:24  Metabolic Boost  
  28  2:27  Drone x2  
  30  2:36  Hatchery  
  29  2:39  Drone  
  29  2:41  Drone  
  31  2:48  Queen  
  33  2:51  Overlord  
  33  2:57  Drone x2  
  35  3:01  Drone  
  36  3:08  Overlord  
  36  3:10  Drone x3  
  36  3:11  Drone  
  39  3:16  Queen  
  41  3:22  Zergling x4  
  41  3:26  Queen  
  45  3:32  Drone x2  
  47  3:39  Drone  
  48  3:41  Drone x3  
  48  3:47  Overlord  
  51  3:50  Overlord  
  51  3:51  Overlord  
  51  3:53  Drone  
  52  4:04  Queen  
  52  4:06  Zergling x6  
  52  4:07  Overlord  
  52  4:09  Queen  
  59  4:15  Drone x4  
  63  4:23  Drone x4  
  67  4:24  Overlord  
  67  4:31  Extractor, Drone x4  
  67  4:32  Roach Warren  
  67  4:35  Extractor, Drone x2  
  67  4:36  Drone  
  67  4:38  Drone  
  72  4:42  Drone x2  
  74  4:46  Overlord  
  74  4:50  Queen  
  74  4:52  Drone x2  
  78  4:54  Overlord  
  78  4:59  Drone x3  
  81  5:00  Overlord  
  81  5:03  Lair  
  81  5:05  Drone x3  
  84  5:10  Overlord  
  84  5:11  Evolution Chamber  
  83  5:16  Overlord  
  83  5:21  Overlord  
  81  5:26  Zergling x16  
  81  5:28  Extractor  
  88  5:29  Overlord  
  88  5:32  Drone  
  89  5:40  Roach x4  
  97  5:46  Overlord, Zerg Missile Weapons Level 1, Hatchery  
  96  5:51  Overlord  
  96  6:00  Roach x9  
  113  6:05  Overlord  
  113  6:09  Roach x3  
  113  6:10  Glial Reconstitution  
  119  6:15  Hydralisk Den  
  119  6:16  Overlord  
  114  6:26  Drone  
  114  6:28  Extractor, Drone x3  
  111  6:34  Drone  
  111  6:36  Extractor, Drone x3  
  114  6:42  Overseer  
  114  6:45  Hydralisk x6  
  126  6:53  Roach  
  126  6:54  Roach x2  
  132  6:59  Drone x6  
  136  7:04  Overlord, Muscular Augments  
  136  7:08  Hydralisk x2  
  136  7:13  Hydralisk x2  
  144  7:21  Overlord  
  144  7:27  Hydralisk x5  
  154  7:33  Drone x2  
  154  7:34  Overlord  
  154  7:35  Overlord, Hydralisk x2  
  160  7:39  Roach x3  
  166  7:47  Roach x5  
  176  7:52  Roach x3  
  176  7:53  Roach  
  184  8:04  Roach x7  
  186  8:12  Roach x5  
  151  8:28  Ravager x2  
  151  8:29  Roach x3  
Show
View Real Time Build Order
Export as new Build Order

TeebuL Protoss 

Build Orders: 1 Gate Expand 

Get SALT Encoding   

  12  0:01  Probe  
  13  0:13  Probe  
  14  0:19  Pylon  
  14  0:25  Probe (Chrono Boost)  
  15  0:37  Probe (Chrono Boost)  
  15  0:38  Gateway  
  16  0:45  Probe (Chrono Boost)  
  17  0:51  Assimilator  
  17  0:52  Probe  
  18  1:04  Probe  
  19  1:16  Pylon, Probe  
  20  1:31  Nexus  
  20  1:37  Probe  
  20  1:38  Cybernetics Core  
  21  1:49  Assimilator, Probe  
  22  1:54  Pylon  
  22  2:01  Probe  
  23  2:13  Probe (Chrono Boost)  
  23  2:15  Adept  
  27  2:24  Stargate, Probe (Chrono Boost)  
  27  2:28  Probe (Chrono Boost)  
  27  2:34  Warp Gate  
  28  2:40  Probe (Chrono Boost)  
  30  2:45  Probe (Chrono Boost), Adept  
  30  2:49  Probe (Chrono Boost)  
  34  2:52  Probe (Chrono Boost)  
  34  2:55  Probe (Chrono Boost)  
  34  2:57  Probe (Chrono Boost)  
  36  3:06  Probe  
  36  3:09  Probe  
  36  3:11  Void Ray (Chrono Boost)  
  42  3:18  Probe  
  43  3:21  Probe  
  43  3:24  Pylon  
  44  3:29  Gateway  
  44  3:30  Probe  
  44  3:33  Probe  
  46  3:42  Probe  
  46  3:45  Probe  
  48  3:49  Pylon  
  48  3:52  Nexus  
  48  3:54  Probe  
  49  3:59  Probe  
  49  4:02  Shield Battery  
  50  4:05  Twilight Council  
  50  4:09  Forge, Probe  
  51  4:11  Probe  
  53  4:24  Probe  
  53  4:26  Shield Battery  
  53  4:27  Protoss Ground Weapons Level 1 (Chrono Boost), Probe  
  53  4:30  Charge (Chrono Boost)  
  54  4:34  Gateway  
  54  4:37  Gateway  
  54  4:38  Probe  
  54  4:39  Gateway  
  54  4:40  Adept  
  57  4:46  Probe  
  58  5:03  Gateway  
  58  5:05  Gateway x2, Probe  
  59  5:07  Probe  
  59  5:10  Pylon  
  59  5:11  Probe  
  61  5:21  Gateway  
  61  5:23  Gateway  
  61  5:27  Probe x3  
  64  5:29  Zealot x2  
  64  5:30  Zealot  
  64  5:33  Pylon  
  70  5:42  Pylon  
  70  5:45  Zealot x2  
  74  5:52  Nexus  
  73  5:58  Zealot x4  
  73  6:03  Assimilator  
  81  6:04  Assimilator  
  81  6:06  Zealot x3  
  81  6:07  Zealot  
  89  6:12  Photon Cannon  
  89  6:14  Pylon  
  89  6:18  Zealot x5  
  93  6:24  Adept  
  98  6:36  Zealot x4  
  106  6:42  Zealot  
  108  6:48  Pylon  
  108  6:53  Pylon  
  104  7:02  Zealot x3  
  104  7:06  Pylon  
  104  7:07  Pylon, Zealot  
  104  7:08  Zealot x3  
  116  7:17  Zealot x3  
  120  7:24  Stalker  
  122  7:32  Zealot x6  
  127  7:45  Zealot x3  
  127  7:50  Zealot x3  
  85  8:13  Zealot x10  
  93  8:33  Zealot x3  
  93  8:34  Zealot x2  
  71  8:39  Zealot x2  
  75  8:43  Zealot  

Tags
 
Add a new tag
Caveats
  • Supply blocks, unpowered buildings, or Contaminate may cause inaccurate times.
  • Supply counts are checked every 10 seconds.